 Dungeon Crawl Stone Soup version 0.20.1-1-g8b1a95d (webtiles) character file.

292 manon the Cudgeler (level 6, -6/37 HPs)
             Began as a Gargoyle Fighter on Sept 9, 2017.
             Mangled by an ogre
             ... wielding a +0 giant club
              (13 damage)
             ... on level 4 of the Dungeon.
             The game lasted 00:08:16 (2494 turns).

manon the Cudgeler (Gargoyle Fighter)               Turns: 2494, Time: 00:08:16

Health: -6/37      AC: 12    Str: 20 (22) XL:     6   Next: 33%
Magic:  6/6        EV:  7    Int:  6 (8)  God:
Gold:   134        SH:  8    Dex:  6 (9)  Spells: 5/5 levels left

rFire    . . .     SeeInvis .   a - +0 flail
rCold    . . .     Gourm    .   c - +0 shield
rNeg     + . .     Faith    .   b - +0 scale mail
rPois    ∞         Spirit   .   (no helmet)
rElec    +         Reflect  .   v - +0 cloak
rCorr    .         Harm     .   (no gloves)
MR       .....                  (no boots)
Stlth    ..........             (no amulet)
Regen    0.2/turn               (no ring)
MPRegen  0.1/turn               (no ring)

@: no status effects
A: negative energy resistance 1, electricity resistance, unbreathing,
petrification resistance, rot immunity, AC +4
a: no special abilities


You were on level 4 of the Dungeon.
You were hungry.

You visited 1 branch of the dungeon, and saw 4 of its levels.

You collected 134 gold pieces.

Inventory:

Hand Weapons
 a - a +0 flail (weapon)
Missiles
 m - a throwing net (quivered)
 n - 25 bolts
Armour
 b - a +0 scale mail (worn)
 c - a +0 shield (worn)
 v - a +0 cloak (worn)
Jewellery
 k - a +3 ring of dexterity {unknown}
 w - a +6 ring of intelligence {unknown}
Scrolls
 e - 2 scrolls of teleportation {unknown}
 h - a scroll of fog {unknown}
 i - a scroll of noise {unknown}
 j - a scroll of magic mapping {unknown}
 o - 3 scrolls of remove curse {unknown}
 q - 2 scrolls of amnesia {unknown}
 t - 4 scrolls of identify {unknown}
 u - a scroll of immolation {unknown}
Potions
 l - a potion of degeneration
 r - a potion of agility {unknown}
 s - a potion of curing {unknown}
 x - a potion of resistance {unknown}
Comestibles
 f - 2 bread rations
 g - 4 meat rations


   Skills:
 - Level 3.2 Fighting
 + Level 6.5 Maces & Flails
 - Level 3.2 Armour
 - Level 3.2 Shields


You had 5 spell levels left.
You didn't know any spells.

Dungeon Overview and Level Annotations

Branches:
Dungeon (4/15)
 Temple: D:4-7

Altars:


Innate Abilities, Weirdness & Mutations

You are resistant to torment.
Your stone body is resilient. (AC +4)
You are immune to poison.
You resist negative energy. (rN+)
You are resistant to electric shocks. (rElec)
You can survive without breathing.
You are immune to petrification.
You are immune to rotting.


Message History

You block the ogre's attack.
You barely miss the ogre. The ogre hits you but does no damage.
You sock the ogre!
The ogre is moderately wounded.
The ogre hits you with a giant club!
You closely miss the ogre.
The ogre is moderately wounded.
The ogre hits you with a giant club!
You feel very mighty all of a sudden.
You are too injured to fight recklessly!
You barely miss the ogre.
The ogre is moderately wounded.
The ogre hits you with a giant club!
* * * LOW HITPOINT WARNING * * *
It was a potion of cancellation.
Your magical effects are unravelling.
You feel magically purged.
You feel a little less mighty now. The ogre hits you with a giant club!
You die...

#...............'..
#################..
#......##########..
#.................>
######.############
#.$...........
#....#.#######
#....#.# #.@..#.#
#...O...#.#
#.......#$#
##.!.####.# .....
.# ###... ....
##...


You could see an ogre.

Vanquished Creatures
  Jessica (D:2)
  4 orc wizards
  3 gnolls (D:2)
  3 adders
  An ooze (D:2)
  3 worms
  An adder skeleton (D:4)
  5 dart slugs
  2 leopard geckos (D:3)
  12 orcs
  2 ball pythons
  8 bats
  3 giant cockroaches
  4 goblins
  7 hobgoblins
  4 jackals
  7 kobolds
  A quokka (D:3)
  2 frilled lizards
  5 rats
78 creatures vanquished.

Vanquished Creatures (others)
  A jackal (D:4)
1 creature vanquished.

Grand Total: 79 creatures vanquished

Notes
Turn   | Place    | Note
-------+----------+-------------------------------------------
     0 | D:1      | manon the Gargoyle Fighter began the quest for the Orb.
     0 | D:1      | Reached XP level 1. HP: 14/14 MP: 1/1
   246 | D:1      | Reached XP level 2. HP: 19/19 MP: 2/2
   396 | D:1      | Reached skill level 3 in Maces & Flails
   738 | D:2      | Reached XP level 3. HP: 19/23 MP: 3/3
   800 | D:2      | Reached skill level 4 in Maces & Flails
   808 | D:2      | Reached XP level 4. HP: 18/28 MP: 4/4
   833 | D:2      | Noticed Jessica
   840 | D:2      | Killed Jessica
  1513 | D:3      | Reached skill level 5 in Maces & Flails
  1531 | D:3      | Reached XP level 5. HP: 28/32 MP: 5/5
  1905 | D:3      | Reached skill level 6 in Maces & Flails
  1929 | D:3      | Reached XP level 6. HP: 34/37 MP: 6/6
  2494 | D:4      | Mangled by an ogre

Skill      XL: |  1  2  3  4  5 |
---------------+----------------+-----
Maces & Flails | 3 4 5 6 |  6.5
Fighting       | |  3.2
Armour         | |  3.2
Shields        | |  3.2

Action                   |  1- 3 |  4- 6 || total
-------------------------+-------+-------++-------
Melee: Flail             |   101 |   211 ||   312
  Use: Potion            |       |     4 ||     4
 Stab: Invisible         |       |     4 ||     4
  Eat: Chunk             |       |     5 ||     5
Armor: Scale mail        |    56 |    99 ||   155
Dodge: Dodged            |    37 |    64 ||   101
Block: Shield            |    48 |    88 ||   136
